[Event "Titled Tuesday Blitz August 10 2021"]
[White "Khusnutdinov, Rustam"]
[Black "Kovalev, Egor"]
[WhiteFideId "13701703"]
[BlackFideId "24124117"]
[WhiteElo "2571"]
[BlackElo "2253"]
[Result "1-0"]
[Round "03"]
[TimeControl "180+1"]
[Date "2021.08.10"]
[WhiteClock "0:00:21"]
[BlackClock "0:00:02"]

1. d4 Nf6 2. c4 g6 3. Nc3 d5 4. Bg5 Bg7 5. Bxf6 Bxf6 6. cxd5 c5 7. dxc5 Qa5 8. Qd2 Na6 9. e3 Nxc5 10. Rc1 O-O 11. Nf3 Rd8 12. Bc4 e6 13. O-O Bxc3 14. Qxc3 Qxc3 15. Rxc3 exd5 16. Rd1 Be6 17. Be2 Rac8 18. Nd4 Na4 19. Ra3 Nxb2 20. Rb1 Nc4 21. Rxa7 b6 22. h4 Ra8 23. Nxe6 fxe6 24. Re7 Rxa2 25. Bg4 e5 26. Be6+ Kh8 27. e4 Nd2 28. Rxb6 Nxe4 29. Rbb7 Nf6 30. g4 Ra6 31. g5 Rxe6 32. Rxe6 Nh5 33. Ree7 d4 34. Rxh7+ Kg8 35. Rhd7 d3 36. Rxd8# 1-0


[Site "https://www.chess.com"]

[Event "Titled Tuesday Blitz August 10 2021"]
[White "Korchmar, Vasiliy"]
[Black "Kovalev, Vladislav"]
[WhiteFideId "24131750"]
[BlackFideId "13504398"]
[WhiteElo "2370"]
[BlackElo "2573"]
[Result "1-0"]
[Round "03"]
[TimeControl "180+1"]
[Date "2021.08.10"]
[WhiteClock "0:00:02"]
[BlackClock "0:00:04"]

1. e4 e5 2. Nf3 Nc6 3. Nc3 Nf6 4. Bb5 Bc5 5. d3 O-O 6. O-O Re8 7. h3 Nd4 8. Ba4 c6 9. Nxd4 exd4 10. Ne2 d5 11. exd5 Nxd5 12. Ng3 Be6 13. Bb3 Bd6 14. Ne4 Bc7 15. Qf3 h6 16. Bd2 Qh4 17. Rfe1 Rad8 18. Re2 Nf4 19. Bxf4 Qxf4 20. Qxf4 Bxf4 21. Rae1 Kf8 22. Nc5 Bc8 23. Ne4 Bc7 24. Nd2 Ba5 25. Kf1 Rxe2 26. Rxe2 Re8 27. Nf3 Bb6 28. Ne5 Re7 29. Nc4 Rxe2 30. Kxe2 Bc7 31. Nd2 Ke7 32. Nf3 Bb6 33. Ne5 f6 34. Ng6+ Kd6 35. Nf4 Bc7 36. Nh5 g5 37. Nxf6 Ke5 38. Ne4 Bf5 39. Nd2 b5 40. Nf3+ Kd6 41. Nxd4 Bd7 42. g4 c5 43. Nf3 a5 44. Bf7 a4 45. Bg6 b4 46. b3 Bc6 47. Be4 axb3 48. axb3 Bd7 49. Nd2 Ke7 50. Nc4 Be6 51. Ne3 Be5 52. Bd5 Bd7 53. Nc4 Bc7 54. Ne3 Kf6 55. Nc4 Bf4 56. Kf3 Bb5 57. Ne3 Ke5 58. Bc4 Bc6+ 59. Ke2 Kd4 60. Nf5+ Kc3 61. Nxh6 Kxc2 62. Nf5 Bd7 63. Ne3+ Kb2 64. Nd5 Be5 65. f4 gxf4 66. Kf3 Bc6 67. Ke4 Bd6 68. Kf3 Kc2 69. g5 Kd2 70. g6 Be5 71. h4 Be8 72. h5 Bd6 73. g7 Bf7 74. Nf6 1-0


[Site "https://www.chess.com"]

[Event "Titled Tuesday Blitz August 10 2021"]
[White "Kozionov, Kirill"]
[Black "Song, Michael"]
[WhiteFideId "24101729"]
[BlackFideId "2613190"]
[WhiteElo "2501"]
[BlackElo "2274"]
[Result "1/2-1/2"]
[Round "03"]
[TimeControl "180+1"]
[Date "2021.08.10"]
[WhiteClock "0:00:05"]
[BlackClock "0:00:04"]

1. b3 e5 2. Bb2 d6 3. e3 Nd7 4. c4 g6 5. Nf3 Bg7 6. d4 Ne7 7. Nc3 O-O 8. Be2 Nc6 9. d5 Ne7 10. Qc2 f5 11. O-O-O h6 12. Nd2 a5 13. f3 Nc5 14. Kb1 Bd7 15. h4 c6 16. dxc6 bxc6 17. Ka1 Be6 18. e4 f4 19. Ndb1 a4 20. Nxa4 Nxa4 21. bxa4 c5 22. Nc3 Nc6 23. Nb5 Nd4 24. Bxd4 exd4 25. Bd3 Be5 26. Rb1 Qa5 27. Rb3 Rf7 28. Rhb1 Kg7 29. Ra3 Rb7 30. Qc1 Qd8 31. Qe1 Rb6 32. Kb2 Rba6 33. Kb3 Ra5 34. h5 g5 35. Qd2 Qb6 36. Kc2 Rxa4 37. Rxa4 Rxa4 38. Kd1 Bxc4 39. Nxd4 Qa6 40. Nf5+ Kf6 41. Bxc4 Rxc4 42. Rb8 Qa4+ 43. Rb3 Rb4 44. Qd5 Qxa2 45. Rxb4 Qxd5+ 46. exd5 cxb4 47. Nxh6 Bc3 48. Ng4+ Kf5 49. Kc2 Be1 50. h6 Bc3 51. Kb3 Kg6 52. Kc4 Be1 53. Kb3 Bc3 54. Kc2 Be1 55. Kb2 Bc3+ 56. Kb3 Be1 57. h7 Kxh7 58. Nf6+ Kg6 59. Ne4 Kf5 60. Nxd6+ Ke5 61. Nf7+ Kxd5 62. Nxg5 Kd4 63. Ne4 Ke3 64. Kc4 Bc3 65. g3 fxg3 66. Nxg3 Kxf3 67. Nf5 Ke4 68. Nd6+ Ke3 69. Nb5 Ke2 70. Kb3 Kd3 71. Nd6 Be1 72. Nc4 Kd4 73. Nb2 Bc3 74. Nc4 Kc5 75. Ne3 Bd2 76. Nc2 Bc3 77. Nxb4 1/2-1/2


[Site "https://www.chess.com"]

[Event "Titled Tuesday Blitz August 10 2021"]
[White "Lagno, Kateryna"]
[Black "Kollars, Dmitrij"]
[WhiteFideId "14109336"]
[BlackFideId "12909572"]
[WhiteElo "2608"]
[BlackElo "2576"]
[Result "0-1"]
[Round "03"]
[TimeControl "180+1"]
[Date "2021.08.10"]
[WhiteClock "0:00:02"]
[BlackClock "0:00:20"]

1. e4 e5 2. Nf3 Nc6 3. Bb5 a6 4. Ba4 Nf6 5. O-O Bc5 6. Re1 b5 7. Bb3 d6 8. c3 O-O 9. a4 Bb7 10. d4 Bb6 11. h3 h6 12. Be3 Na5 13. Bc2 Nc4 14. Nbd2 Nxe3 15. fxe3 Re8 16. Bd3 c6 17. Nf1 Qd7 18. Ng3 g6 19. Rf1 Kg7 20. Qb3 Qe6 21. Qc2 c5 22. d5 Qd7 23. c4 bxc4 24. Bxc4 Ba5 25. Rf2 Ng8 26. Raf1 Rf8 27. Nh2 Bd8 28. Nf3 Bc8 29. b3 Rb8 30. Qe2 Rb4 31. Ne1 Bh4 32. Rf3 Nf6 33. Nd3 Rb8 34. Nf2 Nh7 35. Ng4 Qe7 36. Qd3 Ng5 37. Ne2 Nxf3+ 38. Rxf3 f5 39. Nf2 Bxf2+ 40. Rxf2 fxe4 41. Qxe4 Bf5 42. Rxf5 gxf5 43. Qf3 a5 44. Ng3 Qg5 45. Nh5+ Kh8 46. Ng3 f4 47. Ne4 Qg6 48. Bb5 fxe3 49. Qxe3 Rf4 50. Ng3 Rg8 51. Kh2 Qxg3+ 52. Qxg3 Rxg3 53. Kxg3 Rd4 54. Bc6 Kg7 55. Kf3 Rb4 56. Kg3 Kf6 0-1


[Site "https://www.chess.com"]

[Event "Titled Tuesday Blitz August 10 2021"]
[White "Lashkin, Jegor"]
[Black "Gusarov, Grigory"]
[WhiteFideId "13907808"]
[BlackFideId "24102172"]
[WhiteElo "2293"]
[BlackElo "2247"]
[Result "1-0"]
[Round "03"]
[TimeControl "180+1"]
[Date "2021.08.10"]
[WhiteClock "0:00:25"]
[BlackClock "0:00:28"]

1. d4 Nf6 2. c4 g6 3. Nc3 d5 4. Nf3 Bg7 5. Bg5 Ne4 6. Bf4 Nxc3 7. bxc3 c6 8. e3 O-O 9. Bd3 Qa5 10. Qb3 Nd7 11. cxd5 cxd5 12. O-O Nf6 13. c4 dxc4 14. Bxc4 Qh5 15. Ne5 e6 16. h3 g5 17. Bh2 Ne4 18. Qc2 f5 19. Be2 Qe8 20. Rfc1 Bd7 21. Bf3 Rc8 22. Qb2 Bc6 23. Nxc6 bxc6 24. Bxe4 fxe4 25. Rc5 Rf5 26. Rac1 Rd5 27. Qc2 Rxc5 28. Qxc5 h6 29. Qc2 Qg6 30. Qa4 g4 31. h4 Qf7 32. Rxc6 Qd7 33. Rxc8+ Qxc8 34. Bg3 Qc1+ 35. Kh2 Qb2 36. Qe8+ Kh7 37. Qxe6 Qc2 38. Qxg4 Qxa2 39. Qxe4+ Kh8 40. d5 Qd2 41. d6 a5 42. Qe8+ Kh7 43. d7 a4 44. d8=Q Qxd8 45. Qxd8 a3 46. Qd3+ 1-0


[Site "https://www.chess.com"]

[Event "Titled Tuesday Blitz August 10 2021"]
[White "Le, Tuan Minh"]
[Black "Fawzy, Adham"]
[WhiteFideId "12401153"]
[BlackFideId "10613129"]
[WhiteElo "2450"]
[BlackElo "2480"]
[Result "1-0"]
[Round "03"]
[TimeControl "180+1"]
[Date "2021.08.10"]
[WhiteClock "0:00:38"]
[BlackClock "0:00:08"]

1. d4 Nf6 2. Nf3 e6 3. Bf4 c5 4. c3 Nc6 5. e3 d5 6. Nbd2 Bd6 7. Bg3 O-O 8. Bb5 Ne7 9. Bd3 Qc7 10. Bxd6 Qxd6 11. Ne5 Nd7 12. f4 f6 13. Qh5 Nf5 14. Nxd7 Bxd7 15. O-O g6 16. Qe2 Bc6 17. Nf3 Rae8 18. Rae1 Kh8 19. Qf2 b6 20. g4 Ng7 21. Qh4 Qe7 22. Bxg6 1-0


[Site "https://www.chess.com"]

[Event "Titled Tuesday Blitz August 10 2021"]
[White "Lintchevski, Daniil"]
[Black "Remizov, Yaroslav"]
[WhiteFideId "4171055"]
[BlackFideId "34134015"]
[WhiteElo "2494"]
[BlackElo "2339"]
[Result "1/2-1/2"]
[Round "03"]
[TimeControl "180+1"]
[Date "2021.08.10"]
[WhiteClock "0:00:18"]
[BlackClock "0:00:02"]

1. e4 d6 2. d4 Nf6 3. Nc3 e5 4. dxe5 dxe5 5. Qxd8+ Kxd8 6. Nf3 Bd6 7. Be3 Be6 8. Ng5 Ke7 9. Nb5 a6 10. Nxd6 cxd6 11. Nxe6 fxe6 12. f3 Nc6 13. O-O-O b5 14. Be2 Rhc8 15. Kb1 Rab8 16. Rd2 a5 17. Rhd1 d5 18. exd5 exd5 19. Bg5 Ke6 20. f4 h6 21. Bxf6 gxf6 22. fxe5 d4 23. exf6 Kxf6 24. Bf3 Rb6 25. b3 Nb4 26. a3 Nc6 27. Kb2 Kg5 28. g3 a4 29. h4+ Kg6 30. Be4+ Kg7 31. Rf2 b4 32. Bxc6 bxa3+ 33. Kxa3 axb3 34. cxb3 Rbxc6 35. Rxd4 Rc3 36. Rg4+ Kh8 37. Rf6 Kh7 38. Rf7+ Kh8 39. Rg6 Rb8 40. Rxh6+ Kg8 41. Rf4 Rcxb3+ 42. Ka4 Rb1 43. Rg4+ Kf7 44. Rh7+ Kf6 45. Rh6+ Kf7 46. Rh7+ Kf6 47. Rh6+ Kf7 1/2-1/2


[Site "https://www.chess.com"]

[Event "Titled Tuesday Blitz August 10 2021"]
[White "Maghsoodloo, Parham"]
[Black "Rychagov, Andrey"]
[WhiteFideId "12539929"]
[BlackFideId "4119932"]
[WhiteElo "2601"]
[BlackElo "2527"]
[Result "1-0"]
[Round "03"]
[TimeControl "180+1"]
[Date "2021.08.10"]
[WhiteClock "0:01:16"]
[BlackClock "0:00:52"]

1. d4 d5 2. c4 e6 3. Nf3 Nf6 4. g3 Be7 5. Bg2 O-O 6. O-O c6 7. b3 b6 8. Bb2 Nbd7 9. Qc2 Ba6 10. a4 Rb8 11. Rd1 Ne4 12. Ne5 Nxe5 13. dxe5 Nc5 14. b4 Nd7 15. b5 Bb7 16. bxc6 Bxc6 17. cxd5 Bxd5 18. Bxd5 exd5 19. Nc3 Nxe5 20. Nxd5 Bd6 21. Ne3 Qc7 22. Qxc7 Bxc7 23. Rac1 Rbc8 24. Nd5 1-0


[Site "https://www.chess.com"]

[Event "Titled Tuesday Blitz August 10 2021"]
[White "Maximov, Dmitry"]
[Black "Nakamura, Hikaru"]
[WhiteFideId "14105659"]
[BlackFideId "2016192"]
[WhiteElo "2494"]
[BlackElo "2900"]
[Result "0-1"]
[Round "03"]
[TimeControl "180+1"]
[Date "2021.08.10"]
[WhiteClock "0:00:10"]
[BlackClock "0:00:36"]

1. e4 g6 2. d4 Bg7 3. c3 c6 4. Bd3 d6 5. f4 d5 6. e5 h5 7. Nf3 Bg4 8. Nbd2 Nh6 9. h3 Bf5 10. Qe2 Bxd3 11. Qxd3 Nf5 12. O-O h4 13. Rf2 e6 14. Nf1 Nd7 15. N1h2 c5 16. Ng4 Rc8 17. Be3 Bf8 18. Rd1 c4 19. Qe2 b5 20. a3 a5 21. Ra1 Be7 22. Bd2 Nb8 23. Ng5 Nc6 24. Kh2 Kf8 25. Rff1 Kg7 26. Be1 Qd7 27. Qf3 b4 28. axb4 axb4 29. Bf2 Rb8 30. Ra6 Qb7 31. Rfa1 Rh5 32. Ne3 Nxe3 33. Bxe3 Qc8 34. Qg4 bxc3 35. bxc3 Bxg5 36. fxg5 Ne7 37. Qf4 Nf5 38. Ra7 Rh8 39. Bc1 Rb7 40. R7a6 Rb3 41. Qd2 Ng3 42. Qe1 Qc7 43. Ra7 Rb7 44. Rxb7 Qxb7 45. Ba3 Ra8 46. Bb4 Nf5 47. Qb1 Qc8 48. Ra2 Qd8 49. Rxa8 Qxa8 50. Bc5 Qd8 51. Qc1 Qa5 52. Bb4 Qa4 53. Bc5 Qa2 54. Qf4 Qb2 55. Bb4 Qe2 56. Qf3 Qe1 57. Qf4 Ne3 58. Qf6+ Kg8 59. Qd8+ Kh7 60. Qf8 Nf1+ 61. Kg1 Ng3+ 62. Kh2 Qh1# 0-1


[Site "https://www.chess.com"]

[Event "Titled Tuesday Blitz August 10 2021"]
[White "Nguyen, Ngoc Truong Son"]
[Black "Materia, Marco"]
[WhiteFideId "12401110"]
[BlackFideId "45150451"]
[WhiteElo "2596"]
[BlackElo "2671"]
[Result "1-0"]
[Round "03"]
[TimeControl "180+1"]
[Date "2021.08.10"]
[WhiteClock "0:00:07"]
[BlackClock "0:00:02"]

1. e4 c5 2. Nf3 e6 3. g3 Nc6 4. Bg2 Nf6 5. O-O Nxe4 6. d4 cxd4 7. Nxd4 Nf6 8. c4 Be7 9. Nc3 O-O 10. Bf4 Nxd4 11. Qxd4 d6 12. Qd3 Qa5 13. a3 Rd8 14. b4 Qh5 15. h3 e5 16. g4 Qg6 17. Qxg6 hxg6 18. Be3 Be6 19. Bxb7 Rab8 20. Ba6 d5 21. cxd5 Nxd5 22. Nxd5 Bxd5 23. Rfd1 Bf3 24. Rxd8+ Rxd8 25. Bf1 Rd7 26. Rc1 f5 27. gxf5 gxf5 28. Bc4+ Kf8 29. Be6 Rd1+ 30. Rxd1 Bxd1 31. Bxf5 a6 32. Bd3 a5 33. bxa5 Bxa3 34. a6 Bf3 35. Bf1 Bc6 36. a7 Ke7 37. Bg2 e4 38. h4 g6 39. Bh3 Kd6 40. Kg2 Kd5 41. Kg3 Bd6+ 42. Bf4 Bc5 43. Be3 Bd6+ 44. Kg4 Be7 45. Bg2 Ke6 46. f3 Kd7 47. fxe4 Kc7 48. Bf3 Kb7 49. e5 Bxf3+ 50. Kxf3 Bxh4 51. e6 Be7 52. Ke4 g5 53. Kf5 1-0


[Site "https://www.chess.com"]

[Event "Titled Tuesday Blitz August 10 2021"]
[White "Quparadze, Giga"]
[Black "Dronavalli, Harika"]
[WhiteFideId "13602250"]
[BlackFideId "5015197"]
[WhiteElo "2658"]
[BlackElo "2422"]
[Result "1/2-1/2"]
[Round "03"]
[TimeControl "180+1"]
[Date "2021.08.10"]
[WhiteClock "0:00:35"]
[BlackClock "0:00:22"]

1. e4 c5 2. Ne2 Nc6 3. g3 g6 4. Bg2 Bg7 5. c3 e5 6. O-O Nge7 7. d3 O-O 8. Be3 b6 9. f4 d5 10. Nd2 f5 11. fxe5 Bxe5 12. exd5 Nxd5 13. Bg5 Bf6 14. Nf4 Nxf4 15. Bxf4 Bb7 16. Nc4 Qd7 17. Qb3 Kh8 18. Rad1 Rad8 19. Rfe1 Na5 20. Nxa5 Bxg2 21. Kxg2 bxa5 22. Kg1 g5 23. Be3 f4 24. Bxc5 fxg3 25. hxg3 Qh3 26. Qc2 Qxg3+ 27. Qg2 Qxg2+ 28. Kxg2 Rfe8 29. Rxe8+ Rxe8 30. Rf1 Kg7 31. Bxa7 h5 32. d4 h4 33. d5 Kg6 34. Bf2 g4 35. Re1 h3+ 36. Kg3 Rxe1 37. Bxe1 Be5+ 38. Kf2 g3+ 39. Kf3 g2 40. Bf2 Bh2 41. Kg4 g1=Q+ 42. Bxg1 Bxg1 43. Kxh3 Kf5 44. Kg2 Be3 45. Kf3 Bc1 46. b4 axb4 47. cxb4 Ke5 48. Ke2 Kxd5 49. Kd3 Kc6 50. Kc4 Bf4 51. a4 Kb7 52. a5 Bd2 53. Kb5 Be1 54. Ka4 Bd2 55. b5 Be3 56. b6 Bxb6 57. axb6 Kxb6 1/2-1/2


[Site "https://www.chess.com"]

[Event "Titled Tuesday Blitz August 10 2021"]
[White "Sevian, Samuel"]
[Black "Rodriguez Hernandez, Luis Daniel"]
[WhiteFideId "2040506"]
[BlackFideId "3506770"]
[WhiteElo "2969"]
[BlackElo "2133"]
[Result "1-0"]
[Round "03"]
[TimeControl "180+1"]
[Date "2021.08.10"]
[WhiteClock "0:02:18"]
[BlackClock "0:00:04"]

1. e4 e5 2. Nf3 Nc6 3. Bc4 Nf6 4. Ng5 d5 5. exd5 Nd4 6. c3 b5 7. Bf1 Nxd5 8. Ne4 Ne6 9. d4 exd4 10. Bxb5+ Bd7 11. Bd3 c5 12. O-O Be7 13. cxd4 cxd4 14. Nbd2 Ndf4 15. Nf3 Nxd3 16. Qxd3 Rb8 17. Rd1 Bb5 18. Qd2 d3 19. b3 Nd4 20. Nxd4 Qxd4 21. Nc3 Bc6 22. Qxd3 Qg4 23. Qg3 Qxg3 24. hxg3 O-O 25. Be3 a5 26. Nd5 Ba3 27. Bc1 Rfd8 28. Nf6+ gxf6 29. Bxa3 Rxd1+ 30. Rxd1 Rc8 31. Be7 f5 32. Bf6 h6 33. f3 Kh7 34. Rd6 a4 35. Kh2 axb3 36. axb3 Bb5 37. Rd5 Bc6 38. Rxf5 Kg6 39. Rf4 Bd5 40. b4 Rc4 41. Rxc4 Bxc4 42. Bc3 Kf5 43. g4+ Kg6 44. Kg3 h5 45. gxh5+ Kxh5 46. Kf4 Bf1 47. g4+ Kh4 48. Ke3 Kg3 49. Be1+ Kg2 50. g5 Bb5 51. f4 Kh3 52. Kd4 Kg4 53. Bd2 Kf5 54. Kc5 Be2 55. b5 Ke6 56. b6 Ba6 57. Kc6 1-0


[Site "https://www.chess.com"]

[Event "Titled Tuesday Blitz August 10 2021"]
[White "Svane, Rasmus"]
[Black "Tanenbaum, Zachary"]
[WhiteFideId "4657101"]
[BlackFideId "2060850"]
[WhiteElo "2669"]
[BlackElo "2165"]
[Result "0-1"]
[Round "03"]
[TimeControl "180+1"]
[Date "2021.08.10"]
[WhiteClock "0:00:05"]
[BlackClock "0:00:13"]

1. Nf3 d5 2. g3 Nf6 3. Bg2 c6 4. O-O Bf5 5. c4 dxc4 6. Na3 Nbd7 7. Nxc4 e6 8. b3 Be7 9. Bb2 O-O 10. d3 Nb6 11. Nh4 Nxc4 12. bxc4 Bg4 13. h3 Bh5 14. g4 Bg6 15. Nxg6 hxg6 16. Rb1 Qc7 17. Qa4 Rfd8 18. Bc3 Bc5 19. Rfd1 Qg3 20. Be1 Qc7 21. Qa5 Bb6 22. Qg5 Rd7 23. Bc3 Rad8 24. a4 Bd4 25. Ba5 b6 26. Be1 Be5 27. a5 Bf4 28. axb6 axb6 29. Qxf4 Qxf4 30. Rxb6 c5 31. Bd2 Qc7 32. Rb5 Rb8 33. Rdb1 Rxb5 34. Rxb5 Qe5 35. Be3 Rc7 36. Bf3 g5 37. Kg2 Nd7 38. Ra5 f6 39. Rb5 Qd6 40. Ra5 Ne5 41. Be4 Kf7 42. Kg1 Ng6 43. Ra1 Nf4 44. Bxf4 Qxf4 45. Bf3 Qe5 46. Rb1 Ra7 47. Kg2 Qc3 48. Rb5 Ra1 49. Rb7+ Kf8 50. Rb8+ Ke7 51. Rb7+ Kd6 52. Rb6+ Kc7 53. Rb7+ Kc8 54. Rxg7 Qe1 55. Bb7+ Kb8 56. Kf3 Qh1+ 57. Ke3 Qxb7 58. Rxb7+ Kxb7 59. f4 Rh1 60. Ke4 Rxh3 61. f5 e5 62. Kd5 Rg3 63. Ke6 Rxg4 64. Kxf6 Rg2 65. e4 g4 66. Kxe5 g3 67. Kf4 Kc7 68. e5 Kd7 69. Kf3 Rd2 70. Kxg3 Rxd3+ 71. Kf4 Rd4+ 72. Kg5 Rxc4 73. Kf6 Re4 74. e6+ Kd6 75. Kf7 c4 0-1


[Site "https://www.chess.com"]

[Event "Titled Tuesday Blitz August 10 2021"]
[White "Tahbaz, Arash"]
[Black "Peralta, Eduardo"]
[WhiteFideId "12528846"]
[BlackFideId "3700062"]
[WhiteElo "2377"]
[BlackElo "2205"]
[Result "0-1"]
[Round "03"]
[TimeControl "180+1"]
[Date "2021.08.10"]
[WhiteClock "0:01:01"]
[BlackClock "0:00:22"]

1. d4 Nf6 2. Nf3 c5 3. d5 d6 4. Nc3 g6 5. e4 Bg7 6. h3 O-O 7. Be2 b5 8. Nxb5 Nxe4 9. O-O Nd7 10. c3 Nb6 11. Rb1 a6 12. Na3 e5 13. c4 f5 14. Nc2 h6 15. b4 Nc3 16. Qd3 e4 17. Qe3 f4 18. Qd2 Nxb1 19. Qe1 exf3 20. Bxf3 Re8 21. Qd1 Nc3 22. Qd2 g5 23. bxc5 dxc5 24. Qd3 Qf6 25. Bh5 Bf5 26. Qd2 Nxc4 0-1


[Site "https://www.chess.com"]

[Event "Titled Tuesday Blitz August 10 2021"]
[White "Timofeev, Artyom"]
[Black "Nasuta, Grzegorz"]
[WhiteFideId "4140419"]
[BlackFideId "1141686"]
[WhiteElo "2582"]
[BlackElo "2320"]
[Result "1-0"]
[Round "03"]
[TimeControl "180+1"]
[Date "2021.08.10"]
[WhiteClock "0:00:26"]
[BlackClock "0:00:02"]

1. c4 e5 2. e3 Nf6 3. Nc3 Be7 4. Nf3 Nc6 5. Be2 O-O 6. O-O Bb4 7. Qc2 Bxc3 8. Qxc3 Re8 9. b3 d5 10. cxd5 Nxd5 11. Qb2 Ndb4 12. a3 Nd3 13. Qc3 Nxc1 14. Rfxc1 e4 15. Ne1 Qg5 16. d3 Bf5 17. dxe4 Bxe4 18. Bf3 Rad8 19. Bxe4 Rxe4 20. Nf3 Qd5 21. b4 Rg4 22. Kh1 Rd6 23. Qc2 Rxg2 24. Kxg2 Rg6+ 25. Qxg6 hxg6 26. Rc5 Qe4 27. h3 b6 28. Rg5 f5 29. Rd1 Ne5 30. Rg3 g5 31. Rd4 Qc6 32. e4 Nxf3 33. Rxf3 fxe4 34. Re3 Qf6 35. Rdxe4 c5 36. bxc5 bxc5 37. Rc4 Qc6+ 38. Ree4 Qd5 39. a4 a5 40. Kg3 Qd3+ 41. Kg2 Qd5 42. Kg3 Qd3+ 43. Kg4 Qd5 44. f3 Kh7 45. Rc2 1-0


[Site "https://www.chess.com"]

[Event "Titled Tuesday Blitz August 10 2021"]
[White "Vakhlamov, Igor L."]
[Black "Gupta, Abhijeet"]
[WhiteFideId "24126748"]
[BlackFideId "5010608"]
[WhiteElo "2416"]
[BlackElo "2549"]
[Result "0-1"]
[Round "03"]
[TimeControl "180+1"]
[Date "2021.08.10"]
[WhiteClock "0:00:02"]
[BlackClock "0:00:07"]

1. e4 e6 2. d4 d5 3. Nc3 Nf6 4. Bd3 c5 5. Nf3 Nc6 6. exd5 exd5 7. dxc5 Bxc5 8. O-O O-O 9. h3 h6 10. Bf4 a6 11. a3 Re8 12. Qd2 Ne4 13. Bxe4 dxe4 14. Qxd8 Nxd8 15. Nd2 Ne6 16. Ndxe4 Nxf4 17. Nxc5 b6 18. Nd3 Nxd3 19. cxd3 Bb7 20. Rfe1 Rxe1+ 21. Rxe1 Kf8 22. Re3 Rd8 23. Kf1 f5 24. g3 Kf7 25. Ke2 g5 26. Kd2 b5 27. Ne2 Kf6 28. f4 Bg2 29. h4 gxh4 30. gxh4 Bd5 31. Rg3 Bf7 32. Rg1 Bc4 33. Rg3 Bf7 34. Ng1 Rd4 35. Ke3 Rd6 36. Nf3 Rc6 37. Kd2 Rd6 38. Ne5 a5 39. Rg1 b4 40. axb4 axb4 41. Ra1 Be6 42. Ra7 Rd4 43. Ke3 Rd8 44. Rh7 Rc8 45. Rxh6+ Ke7 46. Rh7+ Kf6 47. Rh6+ Ke7 48. Kd2 b3 49. Rh7+ Kf6 50. Rb7 Rc2+ 51. Ke3 Rxb2 52. Nc4 Rh2 0-1


[Site "https://www.chess.com"]

[Event "Titled Tuesday Blitz August 10 2021"]
[White "Yoo, Christopher Woojin"]
[Black "Ozen, Bahadir"]
[WhiteFideId "30909694"]
[BlackFideId "6337058"]
[WhiteElo "2105"]
[BlackElo "2503"]
[Result "1-0"]
[Round "03"]
[TimeControl "180+1"]
[Date "2021.08.10"]
[WhiteClock "0:02:05"]
[BlackClock "0:00:31"]

1. e4 c6 2. d4 d5 3. exd5 cxd5 4. c4 Nf6 5. Nc3 Nc6 6. Nf3 Bg4 7. Bg5 Ne4 8. Be3 Qa5 9. Qb3 Bxf3 10. Qxb7 Nd8 11. Qxa8 Nxc3 12. Bd2 Qb6 13. Bxc3 Qe6+ 14. Kd2 Qh6+ 15. Kc2 Be4+ 16. Kd1 Qh5+ 17. Be2 Qg6 18. Ba5 1-0


[Site "https://www.chess.com"]

[Event "Titled Tuesday Blitz August 10 2021"]
[White "Zhigalko, Sergei"]
[Black "Matinian, Nikita"]
[WhiteFideId "13502956"]
[BlackFideId "24129100"]
[WhiteElo "2662"]
[BlackElo "2410"]
[Result "1-0"]
[Round "03"]
[TimeControl "180+1"]
[Date "2021.08.10"]
[WhiteClock "0:00:19"]
[BlackClock "0:00:26"]

1. e4 d6 2. d4 g6 3. Nc3 a6 4. Nf3 Bg7 5. Be3 b5 6. a4 b4 7. Ne2 Bb7 8. Ng3 Nd7 9. a5 h5 10. Bd3 h4 11. Ne2 Ngf6 12. Ng5 c5 13. c3 cxd4 14. cxd4 e5 15. Qb3 d5 16. Qxb4 dxe4 17. Bc4 Bd5 18. Bxd5 Nxd5 19. Qc4 N7f6 20. dxe5 Rc8 21. Qa4+ Nd7 22. e6 fxe6 23. Nxe6 Qe7 24. Nxg7+ Qxg7 25. Bd4 Qg8 26. Bxh8 Qxh8 27. Qxe4+ Qe5 28. Qxg6+ Ke7 29. O-O Nf8 30. Qg4 Ne6 31. Rfe1 Nf6 32. Qb4+ Kf7 33. Qxh4 Rc2 34. Ng3 Qc5 35. Qxf6+ Kxf6 36. Ne4+ Kf5 37. Nxc5 Nxc5 38. Rac1 1-0


[Site "https://www.chess.com"]

[Event "Titled Tuesday Blitz August 10 2021"]
[White "lyndonlistzmendonca"]
[Black "Makhnev, Denis"]
[BlackFideId "13707647"]
[WhiteElo "2662"]
[BlackElo "2537"]
[Result "0-1"]
[Round "03"]
[TimeControl "180+1"]
[Date "2021.08.10"]
[WhiteClock "0:00:24"]
[BlackClock "0:00:40"]

1. d4 Nf6 2. Nf3 e6 3. c4 b6 4. a3 Ba6 5. Qc2 c5 6. d5 exd5 7. cxd5 g6 8. Nc3 Bg7 9. g3 O-O 10. Bg2 d6 11. O-O Re8 12. Re1 Nbd7 13. Nd2 Ne5 14. h3 Nd3 15. Rf1 Nxc1 16. Raxc1 Bxe2 17. Nxe2 Rxe2 18. Rfe1 Rxe1+ 19. Rxe1 b5 20. h4 a6 21. Ne4 Nxe4 22. Rxe4 Be5 23. f4 Bd4+ 24. Kh2 Qf6 25. Bh3 Bxb2 26. a4 Qc3 27. Qe2 Ba1 28. Bd7 b4 29. Kh3 Qc1 30. Qf3 Rd8 31. Be8 Bf6 32. f5 Kg7 33. fxg6 hxg6 34. g4 Qc3 35. Re3 Rxe8 36. Rxc3 bxc3 37. g5 Bd4 38. Qd3 Re3+ 0-1


[Site "https://www.chess.com"]

[Event "Titled Tuesday Blitz August 10 2021"]
[White "Aradhya, Garg"]
[Black "Nesterov, Arseniy"]
[WhiteFideId "25006746"]
[BlackFideId "24198455"]
[WhiteElo "2146"]
[BlackElo "2477"]
[Result "0-1"]
[Round "04"]
[TimeControl "180+1"]
[Date "2021.08.10"]
[WhiteClock "0:00:58"]
[BlackClock "0:01:04"]

1. d4 d5 2. c4 e6 3. Nc3 Bb4 4. cxd5 exd5 5. Bf4 Nf6 6. e3 O-O 7. Bd3 c5 8. Ne2 c4 9. Bc2 Nc6 10. O-O h6 11. f3 Re8 12. g4 g5 13. Be5 Nxe5 14. dxe5 Rxe5 15. f4 Rxe3 16. fxg5 Nxg4 17. Nxd5 Rd3 18. Bxd3 Bc5+ 19. Kg2 Qxd5+ 20. Kg3 cxd3 21. g6 fxg6 22. Nf4 Bd6 23. Qa4 Bd7 24. Qb3 Qxb3 25. axb3 g5 0-1


[Site "https://www.chess.com"]

[Event "Titled Tuesday Blitz August 10 2021"]
[White "Bluebaum, Matthias"]
[Black "Batsuren, Dambasuren"]
[WhiteFideId "24651516"]
[BlackFideId "4902920"]
[WhiteElo "2685"]
[BlackElo "2371"]
[Result "1-0"]
[Round "04"]
[TimeControl "180+1"]
[Date "2021.08.10"]
[WhiteClock "0:00:46"]
[BlackClock "0:00:07"]

1. d4 Nf6 2. c4 e6 3. Nc3 Bb4 4. e3 O-O 5. Bd2 d5 6. Nf3 b6 7. cxd5 exd5 8. Bd3 Bb7 9. O-O Bd6 10. Nb5 Be7 11. Rc1 c6 12. Nc3 Nbd7 13. Ne5 c5 14. f4 Ne4 15. Be1 cxd4 16. exd4 Ndf6 17. Bh4 Nxc3 18. Rxc3 Ne4 19. Bxe7 Qxe7 20. Bxe4 dxe4 21. Ng4 Rfd8 22. Ne3 Qf6 23. d5 Bxd5 24. Nxd5 Qe6 25. Nc7 Rxd1 26. Nxe6 Rxf1+ 27. Kxf1 fxe6 28. Ke2 Rd8 29. Ke3 Rd7 30. Rc2 Kf7 31. Kxe4 Kf6 32. g3 h5 33. b4 Rd5 34. a4 g5 35. fxg5+ Rxg5 36. Rf2+ Ke7 37. Rf4 a5 38. b5 Rc5 39. Kf3 e5 40. Rh4 Kf6 41. Ke3 Kg5 42. Ke4 Rc4+ 43. Kxe5 Rxh4 44. gxh4+ Kxh4 45. Kd6 Kh3 46. Kc6 Kxh2 47. Kxb6 h4 48. Kxa5 h3 49. b6 1-0


[Site "https://www.chess.com"]

[Event "Titled Tuesday Blitz August 10 2021"]
[White "Bok, Benjamin"]
[Black "Khanin, Semen"]
[WhiteFideId "1017063"]
[BlackFideId "4111990"]
[WhiteElo "2658"]
[BlackElo "2521"]
[Result "0-1"]
[Round "04"]
[TimeControl "180+1"]
[Date "2021.08.10"]
[WhiteClock "0:00:03"]
[BlackClock "0:01:02"]

1. d4 Nf6 2. c4 e6 3. Nf3 d5 4. Nc3 dxc4 5. e4 b5 6. e5 Nd5 7. Nxb5 Nb6 8. Be2 Nc6 9. O-O Rb8 10. Nc3 Be7 11. Qd2 O-O 12. Rd1 Kh8 13. Qf4 f5 14. exf6 Bxf6 15. Be3 Nd5 16. Qg3 Rxb2 17. Nxd5 exd5 18. Bf1 Bf5 19. Ne5 Nxe5 20. dxe5 Bh4 21. Qf4 Bg6 22. Qd4 Bxf2+ 23. Kh1 Bxe3 24. Qxb2 c5 25. e6 Qh4 26. Rxd5 Bf4 27. g3 Bxg3 28. e7 Be4+ 29. Kg1 Bf2+ 0-1


[Site "https://www.chess.com"]